 Dungeon Crawl Stone Soup version 0.27-a0-1308-gc08437e49b (webtiles) character file.

Game seed: 5112622383890728535

204083 mandarbmax the Devastator (level 18, -7/115 HPs)
             Began as a Tengu Air Elementalist on June 18, 2021.
             Was a High Priest of Ashenzari.
             Killed from afar by Roxanne (15 damage)
             ... with a bolt of magma
             ... on level 2 of the Snake Pit.
             The game lasted 02:19:28 (51676 turns).

mandarbmax the Devastator (Tengu Air Elementalist) Turns: 51676, Time: 02:19:35

Health: -7/115     AC: 20    Str: 16    XL:     18   Next: 63%
Magic:  5/35       EV: 20    Int: 30    God:    Ashenzari [*****.]
Gold:   1295       SH: 21    Dex: 15    Spells: 8/41 levels left

rFire    . . .     SeeInvis +   S - staff of conjuration (curse) {Elem, Bglg}
rCold    + . .     Faith    .   C - +1 kite shield "Loss of the Welkin" {AC+3, Fort, Cun} (curse)
rNeg     . . .     Spirit   .   K - +1 scale mail "At What Cost Knowledge?" {rElec rC+ Regen+ SInv, Fort, Bglg} (curse)
rPois    .         Reflect  +   a - +2 hat of Ashenzari's Annoyance {Cun, Self} (curse)
rElec    +         Harm     +   M - scarf of Ashenzari's Jealousy {harm, Melee, Bglg} (curse)
rCorr    +         Rampage  .   l - +1 pair of gloves of the Chained Comet {Fort, Range} (curse)
Will     +....     Clarity  +   (boots unavailable)
Stlth    +++.......             F - amulet of Apeoromancy {Reflect SH+5, Bglg, Alch} (curse)
HPRegen  1.29/turn              Q - ring "Manifest Yoke" {Wiz Int+4 Slay+2 Stlth+, Fort, Elem} (curse)
MPRegen  0.24/turn              X - ring "Gefoes" {rCorr Str+6 Int+4}

@: flying quickly and evasively, very slightly contaminated, quick
A: beak, talons 3, nimble flight
}: 1/15 runes: barnacled
a: Renounce Religion, Curse Item, Shatter the Chains


You were on level 2 of the Snake Pit.
You worshipped Ashenzari.
Ashenzari was extremely pleased with you.
You visited 6 branches of the dungeon, and saw 30 of its levels.
You also visited: Bailey and Ice Cave.

You collected 4322 gold pieces.
You spent 3027 gold pieces at shops.

Inventory:

Missiles
 r - 5 throwing nets
 G - 6 curare-tipped darts
 R - 5 boomerangs of dispersal
Armour
 a - the cursed +2 hat of Ashenzari's Annoyance (worn) {Cun, Self}
   (You found it on level 1 of the Snake Pit)

   It has a curse which improves the following skills: Cunning: Dodging and
   Stealth.
   Introspection: Fighting and Spellcasting.
 l - the cursed +1 pair of gloves of the Chained Comet (worn) {Fort, Range}
   (You found it on level 3 of the Dungeon)

   It has a curse which improves the following skills: Fortitude: Armour and
   Shields.
   Ranged Combat: Slings, Bows, Crossbows and Throwing.
 C - the cursed +1 kite shield "Loss of the Welkin" (worn) {AC+3, Fort, Cun}
   (You bought it in a shop on level 2 of the Orcish Mines)

   It has a curse which improves the following skills: Fortitude: Armour and
   Shields.
   Cunning:   Dodging and Stealth.
 K - the cursed +1 scale mail "At What Cost Knowledge?" (worn) {rElec rC+ Regen+ SInv, Fort, Bglg}
   (You found it on level 1 of the Lair of Beasts)

   It protects you from cold.
   It insulates you from electricity.
   It lets you see invisible.
   It increases your rate of health regeneration.
   It has a curse which improves the following skills: Fortitude: Armour and
   Shields.
   Beguiling: Conjurations, Hexes and Translocations.
 M - the cursed scarf of Ashenzari's Jealousy (worn) {harm, Melee, Bglg}
   (You found it on level 2 of the Lair of Beasts)

   It has a curse which improves the following skills: Melee Combat: Short
   Blades, Long Blades, Axes, Maces & Flails, Polearms, Staves and Unarmed
   Combat.
   Beguiling: Conjurations, Hexes and Translocations.
 W - a +2 pair of gloves of archery
Magical Staves
 S - a cursed staff of conjuration (weapon) {Elem, Bglg}
Jewellery
 F - the cursed amulet of Apeoromancy (around neck) {Reflect SH+5, Bglg, Alch}
   (You bought it in a shop on level 3 of the Dungeon)

   [amulet of reflection]

   It reflects blocked missile attacks.
   It affects your SH (+5).
   It has a curse which improves the following skills: Beguiling: Conjurations,
   Hexes and Translocations.
   Alchemy:   Poison Magic and Transmutations.
 L - a ring of ice
 Q - the cursed ring "Manifest Yoke" (left hand) {Wiz Int+4 Slay+2 Stlth+, Fort, Elem}
   (You bought it in a shop on level 1 of the Orcish Mines)

   [ring of wizardry]

   It improves your spell success rate.
   It affects your intelligence (+4).
   It affects your accuracy and damage with ranged weapons and melee attacks
   (+2).
   It makes you more stealthy.
   It has a curse which improves the following skills: Fortitude: Armour and
   Shields.
   Elements:  Fire Magic, Ice Magic, Air Magic and Earth Magic.
 T - a ring of protection from fire
 X - the ring "Gefoes" (right hand) {rCorr Str+6 Int+4}
   (You took it off a merfolk siren on level 4 of the Shoals)

   [ring of resist corrosion]

   It affects your strength (+6).
   It affects your intelligence (+4).
   It protects you from acid and corrosion.
Wands
 e - a wand of flame (67)
 m - a wand of paralysis (29)
 p - a wand of iceblast (9)
 B - a wand of polymorph (14)
 H - a wand of charming (16)
 I - a wand of acid (29)
 N - a wand of digging (24)
Scrolls
 d - 9 scrolls of teleportation
 g - 6 scrolls of immolation
 h - 3 scrolls of blinking
 o - 3 scrolls of enchant armour
 v - 5 scrolls of amnesia
 w - 5 scrolls of magic mapping
 x - 2 scrolls of summoning
 z - 2 scrolls of enchant weapon
 A - 2 scrolls of holy word
 E - a scroll of brand weapon
 J - 5 scrolls of silence
 P - 4 scrolls of fear
Potions
 b - 3 potions of resistance
 c - 2 potions of haste
 f - 13 potions of curing
 i - 7 potions of invisibility
 j - 4 potions of mutation
 n - 13 potions of heal wounds
 q - 9 potions of ambrosia
 t - 3 potions of cancellation
 D - 2 potions of brilliance
 O - a potion of might


   Skills:
 - Level 11.0(13.4) Fighting
 + Level 6.4(9.1) Staves
 - Level 15.8(21.4) Armour
 - Level 12.0(15.6) Dodging
 - Level 2.0(5.0) Stealth
 - Level 14.0(19.8) Shields
 - Level 10.0(12.4) Spellcasting
 + Level 18.4(23.7) Conjurations
 - Level 4.0(6.4) Transmutations
 - Level 17.8(21.0) Air Magic
 + Level 6.1 Evocations


You had 8 spell levels left.
You knew the following spells:

 Your Spells              Type           Power      Damage    Failure   Level
a - Chain Lightning       Conj/Air       62%        3d82      22%         9
b - Static Discharge      Conj/Air       100%       N/A       0%          2
c - Swiftness             Air            98%        N/A       0%          3
d - Lightning Bolt        Conj/Air       62%        1d85      0%          5
e - Airstrike             Air            49%        N/A       0%          4
f - Conjure Ball Lightni  Conj/Air       62%        3x3d22    1%          6
h - Summon Lightning Spi  Summ/Air       69%        N/A       1%          4

Your spell library contained the following spells:

 Spells                   Type           Power      Damage    Failure   Level
 Magic Dart               Conj           100%       1d8       0%          1
 Shock                    Conj/Air       100%       1d9       0%          1
 Searing Ray              Conj           100%       3d7       0%          2
 Apportation              Tloc           48%        N/A       1%          1
 Beastly Appendage        Tmut           100%       N/A       1%          1
 Corona                   Hex            26%        N/A       1%          1
 Foxfire                  Conj/Fire      100%       2x1d9     1%          1
 Wereblood                Tmut           55%        N/A       1%          2
 Conjure Flame            Conj/Fire      95%        6-21      1%          3
 Dazzling Flash           Conj/Hex       100%       N/A       1%          3
 Spider Form              Tmut/Pois      19%        N/A       1%          3
 Fulminant Prism          Conj/Hex       48%        3d21      1%          4
 Iskenderun's Mystic Bla  Conj/Tloc      96%        2d19      1%          4
 Sticky Flame             Conj/Fire      95%        2d10      1%          4
 Fireball                 Conj/Fire      47%        3d19      1%          5
 Irradiate                Conj/Tmut      52%        3d31      1%          5
 Silence                  Hex/Air        35%        N/A       1%          5
 Blink                    Tloc           N/A        N/A       2%          2
 Ensorcelled Hibernation  Hex/Ice        46%        N/A       2%          2
 Confusing Touch          Hex            24%        N/A       4%          3
 Gell's Gravitas          Tloc           12%        N/A       4%          3
 Inner Flame              Hex/Fire       23%        N/A       4%          3
 Lesser Beckoning         Tloc           12%        N/A       4%          3
 Teleport Other           Tloc           24%        N/A       4%          3
 Tukima's Dance           Hex            24%        N/A       4%          3
 Blade Hands              Tmut           27%        N/A       4%          5
 Ice Form                 Ice/Tmut       39%        N/A       5%          4
 Storm Form               Tmut/Air       39%        N/A       6%          7
 Alistair's Intoxication  Tmut/Pois      26%        N/A       16%         5
 Animate Dead             Necr           9%         N/A       21%         4
 Manifold Assault         Tloc           24%        N/A       36%         5
 Borgnjor's Vile Clutch   Necr/Erth      10%        N/A       45%         5
 Statue Form              Tmut/Erth      26%        N/A       58%         6
 Lehudib's Crystal Spear  Conj/Erth      47%        10d11     65%         8
 Dragon Form              Tmut           27%        N/A       75%         7
 Invisibility             Hex            12%        N/A       89%         6
 Simulacrum               Ice/Necr       10%        N/A       95%         6
 Death Channel            Necr           9%         N/A       96%         6
 Fire Storm               Conj/Fire      47%        8d12      100%        9
 Polar Vortex             Ice            11%        N/A       100%        9


Dungeon Overview and Level Annotations

Branches:
Dungeon (15/15)            Temple (1/1) D:4            Lair (6/6) D:10
 Shoals (4/4) Lair:3        Snake (2/4) Lair:3        Slime (0/5) Lair:5
    Orc (2/2) D:10            Elf (0/3) Orc:2        Vaults (0/5) D:14
 Depths (0/5) D:15         Bailey (visited)           IceCv (visited)

Altars:
Ashenzari
Cheibriados
Dithmenos
Elyvilon
Fedhas
Gozag
Hepliaklqana
Kikubaaqudgha
Makhleb
Nemelex Xobeh
Okawaru
Qazlal
Ru
Sif Muna
Trog
Uskayaw
Vehumet
Wu Jian
Xom
Yredelemnul
Zin
The Shining One
Beogh
Jiyva

Shops:
D:3 !==(   Orc:1 =   Orc:2 :(*[   Shoals:3 ([(:   Shoals:4 [

Portals:
Trove: D:14 (give 6 scrolls of fear)

Annotations:
D:5 2 runed translucent doors, Lremus's ghost, novice HuFE
Lair:4 2 transporters, Gaumudgh's ghost, journeyman TeWr
Snake:2 Roxanne


Innate Abilities, Weirdness & Mutations

You have a beak for a mouth.
You have claws for feet.
Your magical nature lets you fly swiftly and evasively.


Message History

Casting: Lightning Bolt (safe; 0% risk of failure)
Confirm with . or Enter, or press ? or * to list all spells.
Aiming: Airstrike (safe; 0% risk of failure)
Press: ? - help, Dir - move target, f - Roxanne
Aim: Roxanne (unaware, hasn't noticed you)
The air twists around and strikes Roxanne!!
Roxanne is lightly damaged.
Roxanne mumbles some strange words.
You blink.
Casting: Airstrike (safe; 0% risk of failure)
Confirm with . or Enter, or press ? or * to list all spells.
The spell is quite dangerous to cast (22% risk of failure)!
Continue anyway?
You feel a surge of power! Lightning arcs from your hands!
The bolt of lightning hits Roxanne!!!
Roxanne resists.
Roxanne is heavily damaged.
The bolt of lightning hits you. You resist.
You hear a shout!
Unknown command.
Unknown command.
Casting: Chain Lightning (quite dangerous; 22% risk of failure)
Confirm with . or Enter, or press ? or * to list all spells.
The spell is quite dangerous to cast (22% risk of failure)!
Continue anyway?
You feel a surge of power! Lightning arcs from your hands!
The bolt of lightning hits Roxanne!!!
Roxanne resists.
Roxanne is almost destroyed.
The bolt of lightning hits you! You resist.
Roxanne mumbles some strange words.
The crystal spear hits you!!!
Ouch! That really hurt!
Unknown command.
Casting: Chain Lightning (quite dangerous; 22% risk of failure)
Confirm with . or Enter, or press ? or * to list all spells.
The spell is quite dangerous to cast (22% risk of failure)!
Continue anyway?
You feel a surge of power!
You miscast Chain Lightning.
You are very lightly contaminated with residual magic.
Sparks fly from your hands!!
* * * LOW HITPOINT WARNING * * *
Roxanne mumbles some strange words.
The bolt of magma hits you!
You die...

, ,,
**#...........# ,
,.. ###........# *
,,..#####).......#
* *
,.#.......#...##
#.....##.##### * ,
##.....####### **
,..#^......##### *
,,..........# ,
,,##.8.@..# * ,
#...#### *** ,
,######## ,
####### ,, ,* ***


You could see Roxanne.

Vanquished Creatures
  Vashnia (Snake:2)
  Saint Roka (Snake:2)
  Jorgrun (Snake:2)
  2 krakens (Shoals:4)
  Kirke (Shoals:1)
  Donald (Snake:2)
  An ironbound preserver (D:14)
  The ghost of porpoise the Destroyer, a journeyman DsWn of Sif Muna (D:12)
  Snorg (D:12)
  4 merfolk javelineers
  2 blizzard demons (IceCv)
  6 ettins
  5 merfolk impalers
  Harold (D:7)
  4 naga warriors
  Fannar (D:11)
  11 hydras
  5 boulder beetles
  3 alligator snapping turtles
  Erica (Orc:1)
  7 centaur warriors
  7 two-headed ogres
  2 anacondas (Snake:2)
  2 merfolk aquamancers (Shoals:4)
  4 satyrs
  2 merfolk avatars
  A tengu warrior (D:14)
  A vampire mage (D:15)
  4 shock serpents (Snake:1)
  A spriggan berserker (D:14)
  8 naga sharpshooters (Snake:2)
  An orc high priest (Orc:2)
  3 skeletal warriors
  11 sea snakes
  A wizard (D:15)
  A spectral wolf spider (D:12)
  3 naga ritualists
  An obsidian statue (D:14)
  3 mana vipers
  10 harpies
  4 orc knights
  A deep elf pyromancer (D:14)
  3 salamanders (Snake:1)
  A necromancer (D:15)
  7 ugly things
  17 manticores
  13 cyclopes
  14 fauns
  3 orc sorcerers
  3 spectral centaurs (D:12)
  Joseph (Lair:1)
  13 merfolk sirens
  21 black mambas
  2 guardian serpents (Snake:1)
  7 elephants
  A stone giant skeleton (D:15)
  3 water nymphs
  11 naga magi
  2 gargoyles
  2 torpor snails
  2 rime drakes
  24 cane toads
  An unseen horror (D:12)
  A kobold demonologist (D:9)
  6 ice devils (IceCv)
  3 yaktaurs (D:13)
  6 freezing wraiths (IceCv)
  15 komodo dragons
  2 anaconda simulacra (IceCv)
  An efreet (D:13)
  4 tengu conjurers
  A queen bee (D:10)
  23 merfolk
  A polar bear (Lair:4)
  A wolf spider simulacrum (D:12)
  3 tyrant leeches (Lair:6)
  6 trolls
  5 slime creatures (D:14)
  34 blink frogs
  4 wind drakes
  7 dream sheep
  14 snapping turtles
  A deep troll zombie (D:15)
  6 centaur simulacra
  23 yaks
  2 shadows
  4 basilisks
  6 water elementals
  4 wraiths
  6 dire elephant simulacra (IceCv)
  5 wyverns
  A basilisk (shapeshifter) (D:14)
  5 hogs (Shoals:1)
  3 steam dragons
  28 nagas
  8 vampire mosquitoes
  3 wargs
  A harpy simulacrum (IceCv)
  A human zombie (D:15)
  3 iron troll simulacra (IceCv)
  Edmund (D:5)
  A spectral hornet (D:12)
  14 water moccasins
  2 hydra simulacra (IceCv)
  A meliai simulacrum (D:12)
  39 orc warriors
  A sky beast (D:7)
  3 black bears
  2 ice beasts
  3 necrophages
  8 ogres
  2 alligator simulacra (IceCv)
  An ettin simulacrum (IceCv)
  5 wolves
  28 centaurs
  3 kobold brigands
  22 bullfrogs
  2 gnoll sergeants
  2 scorpions
  A wyvern zombie (D:7)
  A water moccasin skeleton (D:6)
  2 wyvern skeletons
  30 killer bees
  8 wights
  5 electric eels
  2 howler monkeys
  2 draconian simulacra (IceCv)
  4 centaur zombies
  2 gnoll shamans
  22 orc priests
  4 centaur skeletons
  3 hounds
  A jelly (D:6)
  An iguana (D:7)
  28 orc wizards
  A spriggan simulacrum (IceCv)
  A troll simulacrum (IceCv)
  23 gnolls
  6 adders
  2 naga simulacra (IceCv)
  A shadow imp (D:6)
  11 white imps
  6 ufetubi (IceCv)
  2 worms
  4 dart slugs
  128 orcs
  4 ball pythons
  4 endoplasms
  A giant cockroach (D:1)
  15 goblins
  11 hobgoblins
  18 jackals
  14 kobolds
  2 quokkas (D:1)
  3 bats (D:1)
  5 frilled lizards
  3 rats
  2 ball lightnings
  2 bushes (Lair:3)
  2 plants
  3 tentacles (Shoals:4)
1059 creatures vanquished.

Vanquished Creatures (collateral kills)
  A stone giant (Orc:2)
  A catoblepas (D:15)
  A cyclops (Orc:2)
  An elephant (Lair:6)
  An ice dragon zombie (D:15)
  A hog (Shoals:1)
  A centaur (D:13)
  An orc (Orc:2)
  30 ball lightnings
38 creatures vanquished.

Vanquished Creatures (others)
  A spectral wolf spider (D:12)
  665 ball lightnings
  84 fungi
  217 plants
  A tentacle (Shoals:4)
  10 withered plants (D:15)
978 creatures vanquished.

Grand Total: 2075 creatures vanquished

Notes
Turn   | Place    | Note
-------+----------+-------------------------------------------
     0 | D:1      | mandarbmax the Tengu Air Elementalist began the quest for
                  | the Orb.
     0 | D:1      | Reached XP level 1. HP: 10/10 MP: 4/4
    57 | D:1      | Reached skill level 2 in Conjurations
   225 | D:1      | Reached XP level 2. HP: 15/15 MP: 1/6
   384 | D:1      | Found a faded altar of an unknown god.
   453 | D:1      | Reached skill level 3 in Conjurations
   572 | D:1      | Learned a level 2 spell: Static Discharge
  1347 | D:2      | Reached XP level 3. HP: 19/19 MP: 5/7
  1399 | D:2      | Learned a level 3 spell: Swiftness
  1529 | D:2      | Reached skill level 4 in Conjurations
  2153 | D:2      | Reached XP level 4. HP: 24/24 MP: 6/8
  2854 | D:3      | Found Canogg's Weapon Emporium.
  2958 | D:3      | Found Kakhluni's Jewellery Shoppe.
  2982 | D:3      | Found Qiwkifawk's Jewellery Shop.
  3124 | D:3      | Reached skill level 5 in Air Magic
  3212 | D:3      | Reached skill level 5 in Conjurations
  3362 | D:3      | Gained mutation: Your magical nature lets you fly swiftly
                  | and evasively. [Tengu growth]
  3362 | D:3      | Reached XP level 5. HP: 28/28 MP: 4/9
  4065 | D:3      | Reached skill level 6 in Conjurations
  4088 | D:3      | Reached XP level 6. HP: 29/32 MP: 0/10
  4831 | D:3      | Reached skill level 7 in Conjurations
  5020 | D:3      | Reached XP level 7. HP: 36/36 MP: 8/11
  5320 | D:3      | Found Sal Imuf's Distillery.
  5324 | D:3      | Bought a potion of heal wounds for 65 gold pieces
  5324 | D:3      | Bought a potion of curing for 39 gold pieces
  5469 | D:4      | Found a staircase to the Ecumenical Temple.
  5479 | Temple   | Entered the Ecumenical Temple
  5569 | Temple   | Became a worshipper of Ashenzari the Shackled
  5719 | D:4      | Reached skill level 1 in Shields
  5996 | D:4      | Found a bloodstained altar of Trog.
  6563 | D:5      | Entered Level 5 of the Dungeon
  6616 | D:5      | Reached XP level 8. HP: 41/41 MP: 6/12
  6790 | D:5      | Noticed Edmund
  6810 | D:5      | Killed Edmund
  6811 | D:5      | Reached skill level 8 in Conjurations
  7031 | D:5      | Found a large runed translucent door.
  7066 | D:5      | Reached * piety under Ashenzari
  7293 | D:5      | Found a large runed translucent door.
  7296 | D:5      | Noticed Lremus's ghost (novice HuFE)
  7495 | D:6      | Found an opulent altar of Gozag.
  7499 | D:6      | Reached skill level 9 in Conjurations
  7885 | D:5      | Learned a level 5 spell: Lightning Bolt
  8330 | D:6      | Found an iron altar of Okawaru.
  8334 | D:6      | Noticed a two-headed ogre
  8457 | D:6      | Reached skill level 10 in Air Magic
  8483 | D:6      | Reached skill level 10 in Conjurations
  8483 | D:6      | Reached XP level 9. HP: 45/45 MP: 4/14
  8554 | D:6      | Identified a scroll of acquirement
  8568 | D:6      | Killed a two-headed ogre
  8569 | D:6      | Reached skill level 11 in Conjurations
  8798 | D:6      | Found a shimmering blue altar of Sif Muna.
  8798 | D:6      | Found an ornate altar of the Wu Jian Council.
  8844 | D:6      | Reached ** piety under Ashenzari
  9073 | D:6      | Acquired the ring "Diotin" {Dex+4 SInv}
 10100 | D:7      | Found a stormy altar of Qazlal.
 10152 | D:7      | Reached XP level 10. HP: 50/50 MP: 4/16
 10531 | D:7      | Noticed Harold
 10803 | D:7      | Killed Harold
 11021 | D:7      | Reached *** piety under Ashenzari
 11389 | D:8      | Learned a level 4 spell: Airstrike
 12681 | D:8      | Found a shimmering altar of Xom.
 12905 | D:8      | Reached **** piety under Ashenzari
 13071 | D:3      | Bought an amulet of reflection for 390 gold pieces
 13226 | D:9      | Reached skill level 1 in Fighting
 13547 | D:9      | Noticed a kobold demonologist
 13554 | D:9      | Killed a kobold demonologist
 13914 | D:9      | Reached XP level 11. HP: 54/64 MP: 1/21
 13916 | D:9      | Reached skill level 5 in Dodging
 14152 | D:9      | Found a sacrificial altar of Ru.
 14200 | D:9      | Reached ***** piety under Ashenzari
 14498 | D:10     | Entered Level 10 of the Dungeon
 14661 | D:10     | Reached skill level 5 in Fighting
 14754 | D:10     | Found a staircase to the Orcish Mines.
 14993 | D:10     | Found a staircase to the Lair.
 16351 | Lair:1   | Entered Level 1 of the Lair of Beasts
 16466 | Lair:1   | Noticed Joseph
 16470 | Lair:1   | Killed Joseph
 16591 | Lair:1   | Identified the +4 hunting sling of Sutsevesch {vorpal, Fly
                  | rN+ Int+2 Dex+2}
 16807 | Lair:1   | Reached skill level 10 in Dodging
 17035 | Lair:1   | Reached XP level 12. HP: 76/76 MP: 12/22
 17254 | Lair:1   | Identified the +1 scale mail of Oblivion {rElec rC+ Regen+
                  | SInv}
 17626 | Lair:2   | Noticed a six-headed hydra
 17631 | Lair:2   | Killed a six-headed hydra
 17632 | Lair:2   | Reached skill level 12 in Conjurations
 18534 | Lair:3   | Reached skill level 5 in Spellcasting
 19020 | Lair:3   | Noticed an eight-headed hydra
 19024 | Lair:3   | Killed an eight-headed hydra
 19966 | Lair:3   | Found a staircase to the Snake Pit.
 20017 | Lair:3   | Found a staircase to the Shoals.
 20504 | Lair:4   | Learned a level 6 spell: Conjure Ball Lightning
 20512 | Lair:4   | Learned a level 7 spell: Storm Form
 20517 | Lair:4   | Learned a level 4 spell: Summon Lightning Spire
 20630 | Lair:4   | Reached XP level 13. HP: 66/82 MP: 16/28
 20649 | Lair:4   | Reached skill level 1 in Transmutations
 20735 | Lair:4   | Reached skill level 15 in Air Magic
 20995 | Lair:4   | Found a transporter.
 20995 | Lair:4   | Found a transporter.
 20995 | Lair:4   | Noticed Gaumudgh's ghost (journeyman TeWr)
 23266 | Lair:5   | Found a viscous altar of Jiyva.
 23270 | Lair:5   | Found a staircase to the Slime Pits.
 23764 | Lair:6   | Entered Level 6 of the Lair of Beasts
 23845 | Lair:5   | Identified the cursed +0 long sword of Supernal
                  | Understanding {flame, Cun, Elem} (You found it on level 2
                  | of the Dungeon)
 23845 | Lair:5   | Identified the cursed scarf of Ashenzari's Jealousy {harm,
                  | Melee, Bglg} (You found it on level 2 of the Lair of
                  | Beasts)
 23845 | Lair:5   | Identified the cursed +1 pair of gloves of the Chained
                  | Comet {Fort, Range} (You found it on level 3 of the
                  | Dungeon)
 23845 | Lair:5   | Identified the cursed +2 buckler "Share My Negation" {Self,
                  | Fort} (You took it off a gnoll sergeant on level 3 of the
                  | Dungeon)
 23845 | Lair:5   | Identified the cursed +2 ring mail of the Restrained Seer
                  | {rC+, Fort, Range} (You took it off a gnoll sergeant on
                  | level 3 of the Dungeon)
 24501 | Lair:6   | Reached XP level 14. HP: 62/91 MP: 19/31
 24898 | Lair:6   | Reached skill level 10 in Fighting
 26519 | Orc:1    | Entered Level 1 of the Orcish Mines
 26519 | Orc:1    | Found Ehucioph's Jewellery Shop.
 26866 | Orc:1    | Noticed Erica
 26877 | Orc:1    | Killed Erica
 27420 | Orc:2    | Entered Level 2 of the Orcish Mines
 27427 | Orc:2    | Reached skill level 1 in Armour
 27585 | Orc:2    | Found Gead's General Store.
 27604 | Orc:2    | Noticed a stone giant
 27613 | Orc:2    | Killed a stone giant
 27750 | Orc:2    | Reached skill level 5 in Armour
 28158 | Orc:2    | Found Meufosta's Book Shop.
 28526 | Orc:2    | Reached XP level 15. HP: 99/99 MP: 8/32
 28867 | Orc:2    | Found Iqewk's Antique Weapon Shoppe.
 29095 | Orc:2    | Found Oloc's Antique Armour Boutique.
 29272 | Orc:2    | Found a staircase to the Elven Halls.
 29850 | Orc:2    | Bought a book of Annihilations for 1656 gold pieces
 29860 | Orc:2    | Learned a level 9 spell: Chain Lightning
 30042 | D:11     | Noticed Fannar
 30406 | D:11     | Killed Fannar
 30820 | Orc:2    | Bought a runed kite shield for 255 gold pieces
 31286 | D:12     | Noticed Snorg
 31288 | D:12     | Reached skill level 13 in Conjurations
 31518 | D:12     | Killed Snorg
 33009 | D:12     | Found a runed translucent gate.
 33009 | D:12     | Found a runed translucent gate.
 33009 | D:12     | Found a runed translucent gate.
 33010 | D:12     | Noticed porpoise's ghost (journeyman DsWn)
 33020 | D:12     | Killed porpoise's ghost
 33021 | D:12     | Reached skill level 14 in Conjurations
 33364 | D:13     | Found a flagged portal.
 33476 | Bailey   | Entered a bailey
 34426 | D:13     | Reached skill level 15 in Conjurations
 34994 | D:13     | Reached skill level 5 in Shields
 35806 | D:14     | Acquired 685 gold pieces
 35968 | Orc:1    | Bought the ring of the Evening {Wiz Int+4 Slay+2 Stlth+}
                  | for 622 gold pieces
 36409 | D:14     | Reached skill level 10 in Armour
 36719 | D:14     | Found a portal to a secret trove of treasure.
 37019 | D:14     | Found the +7 pair of quick blades "Gyre" and "Gimble"
                  | {protect}
 37435 | D:14     | Reached XP level 16. HP: 95/100 MP: 23/30
 37729 | D:14     | Found a gate to the Vaults.
 38066 | D:15     | Entered Level 15 of the Dungeon
 38066 | D:15     | Found a staircase to the Depths.
 38066 | D:15     | Identified the +8 spear "Gowof" {vorpal, *Rage rF+ Stlth+}
 38082 | D:15     | Reached skill level 16 in Conjurations
 39502 | Snake:1  | Entered Level 1 of the Snake Pit
 39574 | Shoals:1 | Entered Level 1 of the Shoals
 39787 | Shoals:1 | Noticed Kirke
 39805 | Shoals:1 | Killed Kirke
 39805 | Shoals:1 | Identified the cursed +1 kite shield "Loss of the Welkin"
                  | {AC+3, Fort, Cun} (You bought it in a shop on level 2 of
                  | the Orcish Mines)
 39805 | Shoals:1 | Identified the cursed ring of Ashenzari's Sybil {AC+4,
                  | Bglg, Fort} (You found it on level 7 of the Dungeon)
 39806 | Shoals:1 | Reached skill level 10 in Shields
 42568 | Shoals:3 | Reached XP level 17. HP: 66/104 MP: 19/31
 42631 | Shoals:3 | Reached skill level 10 in Spellcasting
 42766 | Shoals:3 | Reached skill level 15 in Armour
 42943 | Shoals:3 | Found Vuoppykk's Book Emporium.
 43225 | Shoals:3 | Found Wuewoar's Armour Shoppe.
 43241 | Shoals:3 | Found Xulefuta's Weapon Boutique.
 43284 | Shoals:3 | Found Tiuru's Antique Weapon Shoppe.
 43767 | Shoals:4 | Entered Level 4 of the Shoals
 43778 | Shoals:4 | Noticed a kraken
 43850 | Shoals:4 | Killed a kraken
 44216 | Shoals:4 | Found Toniuwam's Armour Shoppe.
 44344 | Shoals:4 | Found a frozen archway.
 44353 | IceCv    | Entered an ice cave
 45356 | IceCv    | Reached skill level 1 in Evocations
 46128 | Shoals:4 | Noticed a kraken
 46132 | Shoals:4 | Killed a kraken
 46525 | Shoals:4 | Identified the ring "Gefoes" {rCorr Str+6 Int+4}
 47632 | Shoals:4 | Got a barnacled rune of Zot
 48528 | Snake:1  | Reached skill level 17 in Conjurations
 48708 | Snake:1  | Reached XP level 18. HP: 110/110 MP: 9/33
 48941 | Snake:1  | Reached skill level 1 in Staves
 50075 | Snake:2  | Noticed Jorgrun
 50078 | Snake:2  | Killed Jorgrun
 50157 | Snake:2  | Noticed Donald
 50162 | Snake:2  | Killed Donald
 50706 | Snake:2  | Reached skill level 18 in Conjurations
 50793 | Snake:2  | Reached skill level 5 in Staves
 50853 | Snake:2  | Identified the +4 battleaxe "Dibe" {flame, Fly rCorr}
 50853 | Snake:2  | Noticed Saint Roka
 50858 | Snake:2  | Killed Saint Roka
 50859 | Snake:2  | Reached skill level 5 in Evocations
 51063 | Snake:2  | Noticed Vashnia
 51230 | Snake:2  | Killed Vashnia
 51672 | Snake:2  | Identified Roxanne's Disquisition on Clay
 51672 | Snake:2  | Noticed Roxanne
 51676 | Snake:2  | Killed from afar by Roxanne

Illustrated notes

Levels and vault maps discovered:
D:1:      minmay_arrival_nine_rooms, layout_basic, ebering_ecumenical_altar_rust
D:2:      layout_basic, hex_large, minmay_tiny_reverse_x
D:3:      lemuel_castle_with_subvaults [lemuel_castle_interior_carwin_1],
          layout_loops_cross, serial_shops, shop, shop,
          nicolae_shop_competitors_out_of_business, shop
D:4:      layout_rooms, nicolae_overflow_crystal_walls,
          minmay_temple_entry_poolview
D:5:      layout_basic, ebering_ghost_disaster_area, cheibrodos_gnoll_hut,
          uniq_edmund
D:6:      layout_rooms, lemuel_crystal_altar,
          gammafunk_temple_overflow_forgotten, grunt_decor_fettered
D:7:      layout_loops_ring, lemuel_tele_altar, grunt_ministairs_2, uniq_harold
D:8:      layout_gridville, general_overflow_altar, kennysheep_generic_room_5
D:9:      layout_roguey, hangedman_ru_absence
D:10:     layout_loops_corners, david_lair_generic, orc_0_dummy, special_room
          [special_room_bee]
D:11:     layout_loops_ring, serial_ice, serial_ice_e, serial_ice_d,
          serial_ice_j, serial_ice_g, uniq_fannar
D:12:     layout_layer_cave, gammafunk_ghost_necromancy, uniq_snorg
D:13:     layout_loops_ring, enter_bailey_3, minmay_holes
D:14:     layout_loops_ring, skrybe_vaults_entry_preservation,
          nicolae_trove_entry_crossroad, infiniplex_staircase_pillars_1,
          minivault_16, hellmonk_guarded_unrand_gyre_and_gimble
D:15:     gammafunk_depths_entry_grave, layout_basic, minivault_27
Temple:   jpeg_temple_clearing
Lair:1:   layout_gridlike, grunt_megastairs_2, infiniplex_staircase_pool_2,
          uniq_joseph
Lair:2:   layout_loops_ring, infiniplex_staircase_pool
Lair:3:   layout_loops_ring, elwin_shoals_entry_stream,
          minmay_snake_entry_guardpost_medium, grunt_forest_small_clearing_treed
Lair:4:   layout_roguey, gammafunk_ghost_hive, nicolae_quartered_pool_super,
          nzn_random_ring
Lair:5:   layout_small_grid, dpeg_slime_entry_enclosed_altar,
          serial_bayou_shore_a, lemuel_fruit_fields
Lair:6:   minmay_lair_end_frog_pond, layout_concentric_octagons, serial_rivers,
          chequers_serial_rivers_large_b, chequers_serial_rivers_micro_b,
          chequers_serial_rivers_micro_d, chequers_serial_rivers_large_a,
          chequers_serial_rivers_marsh
Shoals:1: layout_shoals, nicolae_shoals_so_close, uniq_kirke
Shoals:2: layout_shoals
Shoals:3: layout_shoals, serial_shops, nicolae_square_shop, nicolae_square_shop,
          shop, nicolae_shop_temple_entry_statues_fountains
Shoals:4: shoals_end_hangedman, layout_shoals, serial_shops,
          nicolae_diamond_shop, portal_ice_cave_entry_pillars_2
Snake:1:  layout_layer_cave, st_stairs_13, nicolae_snake_squiggles
Snake:2:  layout_misc_corridors, grunt_megastairs_3, uniq_jorgrun,
          uniq_saint_roka, uniq_vashnia, uniq_donald, uniq_roxanne
Orc:1:    layout_caves, serial_shops, shop, uniq_erica
Orc:2:    grunt_orc_gardens, layout_caves, grunt_orc_garden, grunt_orc_garden,
          grunt_orc_garden, grunt_orc_garden, basic_altar

Skill      XL: |  1  2  3  4  5  6  7  8  9 10 11 12 13 14 15 16 17 18 |
---------------+-------------------------------------------------------+-----
Conjurations   | 2 3 4 5 6 7 10 11 12 15 16 17 18 | 18.4
Air Magic      | 5 6 7 8 10 12 14 16 17 | 17.8
Shields        | 3 7 12 14 | 14.0
Spellcasting   | 3 8 9 10 | 10.0
Fighting       | 3 6 7 9 10 11 | 11.0
Dodging        | 4 10 12 | 12.0
Transmutations | 4 |  4.0
Armour         | 7 11 14 15 | 15.8
Evocations     | 4 6 |  6.1
Staves         | 6 |  6.4
Stealth        | |  2.0

Action                   |  1- 3 |  4- 6 |  7- 9 | 10-12 | 13-15 | 16-18 || total
-------------------------+-------+-------+-------+-------+-------+-------++-------
Melee: Dagger            |     8 |       |       |       |       |       ||     8
       Kick              |     1 |     6 |     9 |    49 |    62 |    46 ||   173
       Long sword        |       |    20 |    22 |   125 |   141 |    47 ||   355
       Peck              |       |     4 |     6 |    38 |    53 |    32 ||   133
       Staff             |       |       |       |       |       |    77 ||    77
 Cast: Shock             |    58 |   151 |   173 |   206 |    13 |       ||   601
       Static Discharge  |     1 |    16 |    31 |    48 |    46 |    18 ||   160
       Lightning Bolt    |       |       |     9 |    59 |    64 |    62 ||   194
       Airstrike         |       |       |       |    60 |   117 |    69 ||   246
       Conjure Ball Ligh |       |       |       |     4 |   137 |   201 ||   342
       Summon Lightning  |       |       |       |       |    18 |     5 ||    23
       Storm Form        |       |       |       |       |     1 |       ||     1
       Swiftness         |       |       |       |       |     1 |       ||     1
       Chain Lightning   |       |       |       |       |       |     2 ||     2
Invok: Curse Item        |       |       |     3 |     5 |     2 |     3 ||    13
       Shatter the Chain |       |       |       |       |     3 |     2 ||     5
Evoke: Wand              |       |       |       |     1 |       |       ||     1
  Use: Scroll            |       |     2 |     3 |     1 |     6 |     4 ||    16
       Potion            |       |       |       |     3 |     4 |     1 ||     8
 Stab: Sleeping          |       |     1 |     1 |       |       |       ||     2
       Distracted        |       |       |       |       |     1 |     1 ||     2
Armor: Robe              |       |     4 |       |       |       |       ||     4
       Ring mail         |       |       |    23 |    52 |     7 |       ||    82
       Scale mail        |       |       |       |       |    62 |    54 ||   116
Dodge: Dodged            |     6 |    29 |    38 |   152 |   174 |   110 ||   509
Block: Buckler           |       |     1 |    28 |   186 |    89 |       ||   304
       Reflection        |       |       |       |     7 |    33 |    29 ||    69
       Kite shield       |       |       |       |       |   148 |   206 ||   354
       Other             |       |       |       |       |       |     1 ||     1
       Rpst.: Long sword |       |     9 |     8 |    29 |    47 |     5 ||    98

Table legend: (Time is in decaauts)
 A = Elapsed time spent in this place.
 B = Non-inter-level travel time spent in this place.
 C = Inter-level travel time spent in this place.
 D = Time resting spent in this place.
 E = Time spent auto-exploring this place.
 F = Levels seen in this place.
 G = Mean time per level.
                   A        B        C        D        E       F      G
               +--------+--------+--------+--------+--------+-----+--------+
         Total |  49994 |  47443 |   2551 |  22665 |  18812 |  32 | 1562.3 |
       Dungeon |  24670 |  23057 |   1613 |  10461 |  10035 |  15 | 1644.7 |
        Temple |    101 |     69 |     32 |      0 |     63 |   1 |  101.0 |
          Lair |  10586 |  10135 |    451 |   5757 |   3396 |   6 | 1764.3 |
        Shoals |   6450 |   6314 |    136 |   2598 |   2704 |   4 | 1612.5 |
     Snake Pit |   3150 |   3030 |    120 |   1632 |    923 |   2 | 1575.0 |
  Orcish Mines |   2699 |   2502 |    197 |   1074 |    896 |   2 | 1349.5 |
        Bailey |    856 |    856 |      0 |    345 |    327 |   1 |  856.0 |
      Ice Cave |   1480 |   1480 |      0 |    796 |    465 |   1 | 1480.0 |
               +--------+--------+--------+--------+--------+-----+--------+

Top non-repeatable levels by time:
  Lair:5: 2796 daAuts
 Snake:1: 2618 daAuts
     D:3: 2508 daAuts
  Lair:3: 2450 daAuts
    D:14: 2240 daAuts
    D:10: 2177 daAuts
Shoals:3: 1978 daAuts
  Lair:4: 1872 daAuts
    D:12: 1772 daAuts
Shoals:4: 1731 daAuts
     D:5: 1727 daAuts
    D:11: 1716 daAuts
     D:7: 1606 daAuts
    D:13: 1596 daAuts
     D:2: 1596 daAuts
